 Dungeon Crawl Stone Soup version 0.23-a0-481-g60b89c1 (webtiles) character file.

92 XanderDroid the Twirler (level 4, 0/38 HPs)
             Began as a Gnoll Wanderer on Nov 29, 2018.
             Slain by a worker ant (5 damage)
             ... on level 4 of the Dungeon.
             The game lasted 00:10:46 (2461 turns).

XanderDroid the Twirler (Gnoll Wanderer)            Turns: 2461, Time: 00:10:47

Health: 0/38       AC:  6    Str: 13    XL:     4   Next: 60%
Magic:  6/6        EV: 12    Int: 15    God:
Gold:   71         SH:  0    Dex: 16    Spells: 5/5 levels left

rFire    . . .     SeeInvis .   a - +2 hand axe (freeze)
rCold    . . .     Gourm    .   (no shield)
rNeg     . . .     Faith    .   h - +0 steam dragon scales
rPois    .         Spirit   .   m - +0 helmet
rElec    .         Reflect  .   (no cloak)
rCorr    .         Harm     .   (no gloves)
MR       .....                  (no boots)
Stlth    +++.......             (no amulet)
HPRegen  0.12/turn              p - ring of flight
MPRegen  0.10/turn              (no ring)

@: lethally poisoned (0 -> -12)
A: distributed training, fangs 1, strong nose
a: Evoke Flight


You were on level 4 of the Dungeon.
You were very hungry.

You visited 1 branch of the dungeon, and saw 4 of its levels.

You collected 71 gold pieces.

Inventory:

Hand Weapons
 a - a +2 hand axe of freezing (weapon)
 b - a +1 dagger of draining
Armour
 h - +0 steam dragon scales (worn)
 m - a +0 helmet (worn)
Jewellery
 p - a ring of flight (left hand)
Scrolls
 c - a scroll of enchant weapon {unknown}
 d - a scroll of teleportation
 j - a scroll of amnesia {unknown}
 k - a scroll of remove curse {unknown}
 o - 4 scrolls of identify {unknown}
Potions
 e - a potion of curing {unknown}
 i - a potion of heal wounds {unknown}
 l - a potion of haste
 n - a potion of ambrosia {unknown}
Comestibles
 g - 8 rations


   Skills:
 + Level 4.6 Fighting
 + Level 1.1 Short Blades
 + Level 1.1 Long Blades
 + Level 1.1 Axes
 + Level 1.1 Maces & Flails
 + Level 1.1 Polearms
 + Level 6.6 Staves
 + Level 1.1 Slings
 + Level 1.1 Bows
 + Level 1.1 Crossbows
 + Level 2.7 Throwing
 + Level 1.1 Armour
 + Level 1.1 Dodging
 + Level 6.0 Stealth
 + Level 1.1 Shields
 + Level 1.1 Unarmed Combat
 + Level 1.1 Spellcasting
 + Level 0.9 Conjurations
 + Level 0.9 Hexes
 + Level 0.9 Charms
 + Level 0.9 Summonings
 + Level 0.9 Necromancy
 + Level 0.9 Translocations
 + Level 0.9 Transmutations
 + Level 0.9 Fire Magic
 + Level 0.9 Ice Magic
 + Level 0.9 Air Magic
 + Level 0.9 Earth Magic
 + Level 0.9 Poison Magic
 + Level 1.2 Invocations
 + Level 2.7 Evocations


You had 5 spell levels left.
You didn't know any spells.
Your spell library was empty.

Dungeon Overview and Level Annotations

Branches:
Dungeon (4/15)
 Temple: D:4-7

Altars:

Shops:
D:4 (


Innate Abilities, Weirdness & Mutations

Your experience applies equally to all skills.
You have very sharp teeth.
Your uncanny sense of smell can sniff out nearby items.


Message History

You feel sick. The worker ant bites you. The worker ant misses you.
You closely miss the worker ant.
The worker ant is heavily wounded.
The worker ant barely misses you.
You hit the worker ant. You freeze the worker ant.
The worker ant is heavily wounded.
You feel sick.
The worker ant bites you but does no damage.
The worker ant misses you.
You barely miss the worker ant.
The worker ant is heavily wounded.
You feel sick. The worker ant bites you.
* * * LOW HITPOINT WARNING * * *
You hit the worker ant. You freeze the worker ant.
The worker ant is severely wounded.
The worker ant bites you.
* * * LOW HITPOINT WARNING * * *
You are lethally poisoned!
The worker ant poisons you! The worker ant bites you.
You die...

..........##.. #
...##........ ..
............. ...
.........#.. ..#
...#8.8.8..### ..##
.....⌠.⌠...#.#....#
....8.∩.8...<....#
###..⌠.⌠........##
#...8.8@8.#..#.##
#..##.a...#..###
.....(....##
..#.........#
......[..##.#
.##.>...... .#
........#. #
.#...$...#..


You could see a worker ant.

Vanquished Creatures
  A gnoll (D:1)
  2 adders (D:2)
  A worm (D:3)
  A leopard gecko (D:3)
  2 orcs (D:3)
  4 giant cockroaches
  6 goblins
  9 hobgoblins
  2 jackals (D:1)
  2 ball pythons
  5 bats
  5 frilled lizards
  11 kobolds
  6 rats
57 creatures vanquished.

Notes
Turn   | Place    | Note
-------+----------+-------------------------------------------
     0 | D:1      | XanderDroid the Gnoll Wanderer began the quest for the Orb.
     0 | D:1      | XanderDroid set off with the following items: 2
                  | curare-tipped needles, a +2 blowgun, a +0 quarterstaff, a
                  | scroll of teleportation, a +0 robe, a +0 dagger, a ration
     0 | D:1      | Reached XP level 1. HP: 20/20 MP: 2/2
   201 | D:1      | Reached XP level 2. HP: 22/26 MP: 3/3
   594 | D:1      | Reached XP level 3. HP: 31/31 MP: 4/4
   793 | D:2      | Reached skill level 1 in Invocations
   807 | D:2      | Reached skill level 1 in Short Blades
   807 | D:2      | Reached skill level 1 in Long Blades
   807 | D:2      | Reached skill level 1 in Axes
   807 | D:2      | Reached skill level 1 in Maces & Flails
   807 | D:2      | Reached skill level 1 in Polearms
   807 | D:2      | Reached skill level 1 in Slings
   807 | D:2      | Reached skill level 1 in Bows
   807 | D:2      | Reached skill level 1 in Crossbows
   807 | D:2      | Reached skill level 1 in Armour
   807 | D:2      | Reached skill level 1 in Dodging
   807 | D:2      | Reached skill level 1 in Shields
   807 | D:2      | Reached skill level 1 in Unarmed Combat
   807 | D:2      | Reached skill level 1 in Spellcasting
   807 | D:2      | Reached XP level 4. HP: 24/38 MP: 4/6
  2365 | D:4      | Noticed an ogre
  2447 | D:4      | Found Dipsulitee's Antique Weapon Emporium.
  2461 | D:4      | Slain by a worker ant

Vault maps used:
D:1:      psy_arrival_conway, hangedman_decor_growths
D:3:      wad_lake_hut, first_ration
D:4:      minmay_temple_entry_enclosed_plants, serial_shops,
          nicolae_shop_temple_entry_statues_fountains

Skill      XL: |  1  2  3 |
---------------+----------+-----
Stealth        | 6 |  6.0
Invocations    | 1 |  1.2
Short Blades   | 1 |  1.1
Long Blades    | 1 |  1.1
Axes           | 1 |  1.1
Maces & Flails | 1 |  1.1
Polearms       | 1 |  1.1
Slings         | 1 |  1.1
Bows           | 1 |  1.1
Crossbows      | 1 |  1.1
Armour         | 1 |  1.1
Dodging        | 1 |  1.1
Shields        | 1 |  1.1
Unarmed Combat | 1 |  1.1
Spellcasting   | 1 |  1.1
Fighting       | |  4.6
Staves         | |  6.6
Throwing       | |  2.7
Conjurations   | |  0.9
Hexes          | |  0.9
Charms         | |  0.9
Summonings     | |  0.9
Necromancy     | |  0.9
Translocations | |  0.9
Transmutations | |  0.9
Fire Magic     | |  0.9
Ice Magic      | |  0.9
Air Magic      | |  0.9
Earth Magic    | |  0.9
Poison Magic   | |  0.9
Evocations     | |  2.7

Action                   |  1- 3 |  4- 6 || total
-------------------------+-------+-------++-------
Melee: Quarterstaff      |   106 |    80 ||   186
       Bite              |    10 |     4 ||    14
       Hand axe          |       |    11 ||    11
       Dagger            |       |     1 ||     1
 Stab: Sleeping          |     6 |     6 ||    12
  Eat: Chunk             |       |     4 ||     4
Armor: Steam dragon scal |    37 |    29 ||    66
Dodge: Dodged            |    69 |    54 ||   123

Table legend:
 A = Non-vault XP
 B = Vault XP
 C = Vault XP percentage of total XP
 D = Non-vault monster count
 E = Vault monster count
 F = Vault count percentage of total count
                 A         B        C        D         E       F
            +---------+---------+-------+---------+---------+-------
      Total |     132 |       0 |   0.0 |      57 |       0 |   0.0
            +---------+---------+-------+---------+---------+-------
        D:1 |      43 |       0 |   0.0 |      19 |       0 |   0.0
        D:2 |      54 |       0 |   0.0 |      20 |       0 |   0.0
        D:3 |      33 |       0 |   0.0 |      17 |       0 |   0.0
        D:4 |       2 |       0 |   0.0 |       1 |       0 |   0.0
            +---------+---------+-------+---------+---------+-------
